Map: Honorgrounds LE

Players

Optimus - Winner!

  • Race: Terran Terran
  • Spawn Location: 7:00

Zanster

  • Race: Zerg Zerg
  • Spawn Location: 11:00

Event: WCS Austin 2017

VOD

Have the link to the VOD?

Description

Time

  • Played on: April 28, 2017, 7:23 p.m.
  • Length: 13:36

All games in this series

Show
View Real Time Build Order
Export as new Build Order

Optimus Terran - Winner!

Build Orders: Reaper Expand, Hellion Banshee, MMM Bio 

Get SALT Encoding   

  12  0:00  SCV  
  13  0:12  SCV  
  14  0:18  Supply Depot  
  14  0:24  SCV  
  15  0:29  Refinery  
  15  0:39  SCV  
  16  0:45  Barracks  
  16  0:51  SCV  
  17  1:03  SCV  
  18  1:16  SCV  
  19  1:32  Reaper, Orbital Command  
  20  1:45  Command Center  
  20  1:56  Factory  
  20  2:00  SCV  
  21  2:06  Barracks Reactor  
  21  2:11  Supply Depot  
  21  2:14  SCV  
  22  2:21  Refinery  
  22  2:26  SCV  
  23  2:39  SCV  
  23  2:43  Starport  
  24  2:47  Hellion  
  24  2:49  Hellion  
  24  2:51  Marine, SCV  
  30  3:00  Orbital Command  
  30  3:05  SCV  
  31  3:09  Barracks Tech Lab  
  31  3:19  Hellion x2  
  35  3:21  SCV  
  35  3:26  Medivac  
  38  3:30  SCV  
  39  3:40  SCV  
  40  3:42  SCV  
  40  3:43  Supply Depot  
  40  3:48  Hellion  
  43  3:49  Hellion  
  43  3:52  SCV  
  46  3:59  Supply Depot  
  46  4:04  SCV x2  
  46  4:09  Hellion, Cloaking Field  
  50  4:10  Hellion  
  50  4:16  SCV  
  53  4:17  SCV  
  53  4:21  Banshee  
  57  4:25  Supply Depot  
  58  4:32  SCV  
  58  4:35  Cyclone  
  61  4:38  Supply Depot  
  61  4:39  SCV  
  61  4:45  SCV  
  61  4:46  Cyclone  
  61  4:51  SCV  
  63  4:54  Marine  
  63  4:57  SCV  
  65  5:03  Banshee, SCV  
  67  5:09  SCV  
  67  5:11  Hellion  
  68  5:15  SCV  
  68  5:18  Supply Depot  
  68  5:19  Hellion  
  71  5:21  SCV  
  70  5:30  SCV  
  70  5:33  SCV  
  67  5:39  Command Center  
  67  5:41  Hellion x2  
  67  5:42  SCV  
  65  5:46  SCV  
  59  5:54  Supply Depot, SCV  
  59  5:56  Banshee  
  63  5:59  SCV  
  63  6:04  Hellion x2  
  68  6:10  Armory  
  68  6:13  SCV x2  
  68  6:16  Barracks Tech Lab  
  71  6:25  SCV  
  71  6:29  Hellion x2  
  71  6:30  Barracks  
  71  6:31  Barracks  
  73  6:34  Marine  
  73  6:35  Stimpack  
  74  6:46  Starport Reactor, SCV x2  
  76  6:48  Refinery, Engineering Bay x2  
  76  6:49  Supply Depot, Refinery  
  76  6:51  Orbital Command  
  76  6:56  Marine  
  77  7:03  SCV x2  
  77  7:04  Factory Reactor  
  77  7:06  Liberator, Barracks x2  
  79  7:13  Liberator  
  79  7:15  SCV  
  79  7:16  Terran Infantry Armor Level 1, Terran Infantry Weapons Level 1  
  79  7:19  Supply Depot  
  79  7:20  Marine  
  82  7:27  Supply Depot  
  84  7:32  Marine x2, SCV  
  84  7:34  Marine  
  84  7:36  SCV  
  92  7:38  Marine  
  92  7:44  SCV  
  94  7:48  SCV  
  94  7:50  Factory Tech Lab, Marine x2  
  97  7:56  SCV  
  97  7:57  Barracks Reactor  
  95  8:00  SCV  
  95  8:04  Barracks Reactor  
  95  8:05  Barracks x2  
  91  8:07  Barracks, Marine x2  
  91  8:09  Marine  
  94  8:13  Medivac, Orbital Command  
  94  8:18  Medivac  
  95  8:20  Marine  
  95  8:24  Siege Tank  
  95  8:25  Marine  
  100  8:28  SCV x2  
  100  8:33  Marine x2  
  101  8:38  Supply Depot  
  101  8:40  SCV x3  
  104  8:43  Combat Shields  
  104  8:49  Marine x3  
  104  8:53  Orbital Command  
  104  8:55  SCV  
  109  8:56  Siege Tank  
  109  9:02  SCV  
  108  9:07  Marine x6  
  108  9:08  SCV  
  116  9:11  Terran Infantry Weapons Level 2  
  116  9:14  SCV, Terran Infantry Armor Level 2  
  111  9:20  Marauder, SCV x2  
  111  9:21  Barracks Tech Lab  
  109  9:26  SCV  
  113  9:31  Siege Tank  
  113  9:34  Medivac  
  113  9:35  Concussive Shells  
  115  9:44  Marauder x2, Marine x6  
  115  9:45  Barracks Tech Lab  
  125  9:50  Refinery  
  125  9:53  Supply Depot, Medivac  
  125  9:57  Marauder  
  129  10:05  Marine  
  129  10:06  Marauder x2  
  133  10:09  Refinery  
  133  10:14  Marine x7  
  140  10:22  Supply Depot  
  140  10:23  Supply Depot, Marine  
  141  10:31  Supply Depot  
  141  10:32  Supply Depot  
  141  10:43  Siege Tank, SCV  
  141  10:44  Marauder x2  
  141  10:45  Medivac x2, Marauder x2  
  141  10:49  SCV  
  153  10:50  SCV  
  153  10:55  SCV  
  153  10:58  Marine x2  
  155  11:04  Marine  
  155  11:05  Marauder x2, Marine x3  
  155  11:06  Barracks Reactor  
  155  11:07  Marauder x2  
  155  11:08  Supply Depot  
  155  11:09  Terran Vehicle Weapons Level 1  
  167  11:15  Medivac  
  168  11:22  Marine x2  
  168  11:23  Unknown  
  168  11:24  Supply Depot, Unknown  
  170  11:26  Siege Tank  
  170  11:30  Marauder x3  
  181  11:45  Medivac x2, Marine x4  
  189  11:52  Marine x2  
  189  11:54  Supply Depot  
  189  11:56  Missile Turret, Marine  
  189  11:57  Marine  
  189  12:00  Missile Turret  
  196  12:15  Siege Tank  
  196  12:16  Marauder x2  
  196  12:18  Marauder  
  184  12:30  Marine x2  
  184  12:35  Command Center  
  186  12:45  Marauder x2  
  186  12:47  Marauder x2, Siege Tank  
  191  13:05  Marine  
  191  13:06  Marauder x2, Marine  
Show
View Real Time Build Order
Export as new Build Order

Zanster Zerg 

Build Orders: Hatch First 

Get SALT Encoding   

  12  0:01  Drone  
  13  0:13  Overlord  
  13  0:18  Drone  
  14  0:32  Drone x2  
  14  0:35  Drone  
  17  0:55  Hatchery  
  16  0:57  Drone  
  16  0:59  Drone  
  18  1:12  Extractor  
  18  1:15  Spawning Pool  
  18  1:18  Drone  
  17  1:21  Drone  
  18  1:30  Drone  
  19  1:40  Overlord  
  19  2:03  Queen  
  19  2:04  Zergling x4  
  19  2:06  Queen  
  19  2:07  Zergling x2  
  26  2:13  Drone  
  27  2:19  Drone, Metabolic Boost  
  29  2:22  Drone  
  29  2:29  Drone  
  29  2:37  Drone  
  29  2:42  Queen  
  29  2:43  Drone  
  33  2:47  Overlord  
  33  2:50  Drone  
  34  2:55  Drone  
  35  3:02  Spore Crawler  
  35  3:09  Drone  
  35  3:10  Drone  
  37  3:13  Drone  
  37  3:17  Zergling x2, Overlord  
  38  3:20  Drone x4  
  38  3:24  Drone  
  43  3:29  Drone, Roach Warren  
  43  3:36  Drone  
  43  3:38  Overlord  
  44  3:44  Overlord  
  44  3:52  Overlord  
  44  3:54  Zergling x2  
  45  4:08  Roach x5  
  55  4:14  Roach  
  55  4:15  Roach  
  59  4:22  Overlord  
  59  4:27  Hatchery  
  59  4:30  Roach x5  
  68  4:34  Overlord  
  67  4:51  Zergling x10  
  68  5:03  Zergling x8  
  68  5:04  Lair  
  70  5:13  Overlord  
  68  5:15  Drone  
  68  5:19  Drone  
  68  5:22  Extractor  
  68  5:23  Extractor  
  68  5:28  Drone  
  61  5:33  Drone x7  
  52  5:45  Spore Crawler x2  
  52  5:47  Queen  
  52  5:49  Drone  
  45  5:53  Roach x3  
  45  5:54  Roach  
  49  5:59  Drone x2  
  51  6:04  Overseer  
  51  6:06  Drone x2  
  51  6:07  Drone  
  51  6:09  Drone  
  51  6:11  Drone  
  56  6:15  Roach  
  56  6:17  Drone x2  
  60  6:25  Drone x4  
  57  6:30  Drone x2  
  62  6:34  Evolution Chamber  
  62  6:38  Drone x3  
  64  6:42  Spore Crawler  
  64  6:46  Drone  
  65  6:47  Drone x3  
  65  6:51  Glial Reconstitution  
  67  6:56  Overseer  
  67  7:01  Zerg Ground Armor Level 1  
  67  7:04  Overlord  
  67  7:07  Extractor  
  66  7:13  Overlord  
  66  7:15  Roach x4  
  73  7:25  Drone x8  
  81  7:30  Drone x2  
  81  7:33  Overlord  
  81  7:34  Drone  
  85  7:37  Drone  
  85  7:38  Overlord  
  85  7:47  Roach x5  
  85  7:49  Overlord  
  94  8:02  Roach  
  94  8:03  Roach x5  
  104  8:14  Roach x5  
  111  8:25  Roach x5  
  120  8:30  Overlord  
  120  8:31  Roach  
  120  8:32  Roach x2  
  126  8:37  Overlord  
  126  8:40  Roach  
  126  8:41  Roach x2  
  132  8:50  Roach  
  132  8:51  Roach x3  
  132  8:54  Roach x2  
  138  9:04  Drone x4  
  134  9:11  Drone x4  
  134  9:13  Drone x2  
  134  9:15  Drone  
  141  9:18  Drone x2  
  141  9:20  Drone  
  144  9:26  Drone x3  
  147  9:37  Zerg Ground Armor Level 2  
  147  9:41  Roach x3, Evolution Chamber  
  147  9:45  Overlord  
  152  9:52  Overlord  
  152  9:56  Extractor  
  152  9:57  Extractor  
  150  10:03  Overlord  
  150  10:06  Queen  
  152  10:08  Roach  
  152  10:09  Roach x2  
  152  10:11  Zerg Missile Weapons Level 1  
  158  10:15  Drone x2, Infestation Pit  
  158  10:17  Hatchery  
  158  10:19  Drone x3  
  161  10:31  Roach x6  
  161  10:32  Ravager  
  161  10:34  Overlord  
  174  10:38  Overlord  
  174  10:49  Overlord x2  
  156  10:54  Queen x2  
  160  11:03  Infestor x5  
  170  11:07  Burrow  
  170  11:16  Roach x2  
  170  11:17  Roach x4  
  182  11:19  Ravager x2  
  184  11:26  Overlord  
  184  11:30  Overlord x2  
  184  11:38  Tunneling Claws  
  184  11:39  Overlord  
  184  11:44  Overlord, Infestor  
  184  11:47  Overlord  
  184  11:50  Ravager  
  184  11:51  Ravager x4  
  185  12:08  Hatchery  
  185  12:11  Hatchery  
  185  12:15  Infestor  
  185  12:21  Infestor x2  
  181  12:33  Roach  
  181  12:34  Roach x3  
  181  12:35  Ravager  
  190  12:37  Hatchery  
  189  12:48  Overseer  
  183  13:02  Roach  
  183  13:03  Roach x9  
  185  13:14  Roach  
  185  13:15  Roach x6  
  185  13:18  Ravager  
Tags
 
Add a new tag
Caveats
  • Supply blocks, unpowered buildings, or Contaminate may cause inaccurate times.
  • Supply counts are checked every 10 seconds.